 Dungeon Crawl Stone Soup version 0.23-a0-143-g1adec7b (webtiles) character file.

23 Amnesiac the Chiller (level 2, -5/19 HPs)
             Began as a Mummy Ice Elementalist on Sept 5, 2018.
             Slain by a killer bee (7 damage)
             ... on level 3 of the Dungeon.
             The game lasted 00:01:19 (720 turns).

Amnesiac the Chiller (Mummy Ice Elementalist)        Turns: 720, Time: 00:01:20

Health: -5/19      AC:  2    Str: 11    XL:     2   Next: 75%
Magic:  3/6        EV: 12    Int: 14    God:
Gold:   20         SH:  0    Dex: 12    Spells: 6/7 levels left

rFire    x . .     SeeInvis .   (no weapon)
rCold    + . .     Gourm    .   (no shield)
rNeg     + + +     Faith    .   a - +0 robe
rPois    ∞         Spirit   .   (no helmet)
rElec    .         Reflect  .   (no cloak)
rCorr    .         Harm     .   (no gloves)
MR       .....                  (no boots)
Stlth    ++........             (no amulet)
HPRegen  0.06/turn              (no ring)
MPRegen  0.10/turn              (no ring)

@: about to teleport, very slightly contaminated
A: no food or potions, fire vulnerability, cold resistance 1, negative energy
resistance 3, torment resistance, unbreathing
a: no special abilities


You were on level 3 of the Dungeon.
You were not hungry.

You visited 1 branch of the dungeon, and saw 4 of its levels.

You collected 20 gold pieces.

Inventory:

Hand Weapons
 c - a +0 hand axe
Armour
 a - a +0 robe (worn)
Scrolls
 d - a scroll of blinking {!r, unknown}


   Skills:
 - Level 1.5 Dodging
 - Level 1.5 Stealth
 + Level 3.1 Spellcasting
   Level 0.7 Conjurations
 * Level 3.1 Ice Magic


You had 6 spell levels left.
You knew the following spells:

 Your Spells              Type           Power        Failure   Level  Hunger
a - Freeze                Ice            ##..         6%          1    N/A

Your spell library contained the following spells:

 Spells                   Type           Power        Failure   Level  Hunger
 Throw Frost              Conj/Ice       #.....       14%         2    N/A
 Ozocubu's Armour         Chrm/Ice       #.......     32%         3    N/A
 Throw Icicle             Conj/Ice       #.......     67%         4    N/A
 Summon Ice Beast         Ice/Summ       #.......     73%         4    N/A

Dungeon Overview and Level Annotations

Branches:
Dungeon (4/15)
 Temple: D:4-7

Altars:

Annotations:
D:2 exclusion: 2 doors


Innate Abilities, Weirdness & Mutations

You do not eat or drink.
Your flesh is vulnerable to fire.
You are immune to poison.
Your flesh is cold resistant. (rC+)
You are immune to negative energy. (rN+++)
You are immune to unholy pain and torment.
You can survive without breathing.


Message History

You start resting.
The hound skeleton is too close now for your liking.
A hound skeleton is nearby!
Really read
c - a scroll labeled RIDIDWOBUG {!r}?
As you read the scroll labeled RIDIDWOBUG {!r}, it crumbles to dust.
The air around you briefly surges with heat, but it dissipates.
It was a scroll of immolation {!r}.
Found a hand axe.
Found 19 bolts.
You see here a hand axe.
c - a hand axe
Found 13 gold pieces.
Found a stone staircase leading up.
You now have 20 gold pieces (gained 13).
There is a stone staircase leading up here.
You climb upwards.
A killer bee and a kobold come into view.
The killer bee buzzes angrily.
The kobold shouts!
There is a stone staircase leading down here.
You climb downwards.
There is a stone staircase leading up here.
Found 12 stones.
Found a stone staircase leading up.
There is a stone staircase leading up here.
You climb upwards.
A rat and a killer bee come into view.
The killer bee buzzes angrily.
You hear an angry buzzing noise.
A killer bee comes into view.
The rat barely misses you. x2
There is a stone staircase leading down here.
Casting: Freeze (safe; 6% risk of failure)
Confirm with . or Enter, or press ? or * to list all spells.
Aiming: Freeze (safe; 6% risk of failure)
Press: ? - help, Shift-Dir - straight line, f - rat
Aim: a rat You freeze the rat.
The rat is heavily wounded.
The killer bee barely misses you. The killer bee stings you. The rat bites you.
Casting: Freeze (safe; 6% risk of failure)
Confirm with . or Enter, or press ? or * to list all spells.
Aiming: Freeze (safe; 6% risk of failure)
Press: ? - help, Shift-Dir - straight line, f/p - rat
Aim: a rat (heavily wounded)
You freeze the rat.
You kill the rat!
The killer bee closely misses you. The killer bee misses you.
Unknown command.
Casting: Freeze (safe; 6% risk of failure)
Confirm with . or Enter, or press ? or * to list all spells.
Aiming: Freeze (safe; 6% risk of failure)
Press: ? - help, Shift-Dir - straight line, f - killer bee
Aim: a killer bee You miscast Freeze.
You are very lightly contaminated with residual magic.
Frost covers your body. The killer bee stings you.
* * * LOW HITPOINT WARNING * * *
The killer bee barely misses you.
Unknown command.
Really read
b - a scroll of teleportation {!r}?
As you read the scroll of teleportation {!r}, it crumbles to dust.
You feel strangely unstable. The killer bee stings you!
* * * LOW HITPOINT WARNING * * *
The killer bee misses you.
Unknown command.
The killer bee stings you!
You die...

#..... ......
#....###
#......#
###......#
.........#
#.##......####
.......†@....#
.#####y###...#
#y# ## #y.
#.### #...
..... ..#..
...... ..####
...... .##
###........


You could see 3 killer bees.

Vanquished Creatures
  An adder (D:2)
  A leopard gecko (D:2)
  A goblin (D:1)
  3 hobgoblins
  3 kobolds
  A ball python (D:1)
  A bat (D:1)
  A rat (D:3)
12 creatures vanquished.

Notes
Turn   | Place    | Note
-------+----------+-------------------------------------------
     0 | D:1      | Amnesiac the Mummy Ice Elementalist began the quest for the
                  | Orb.
     0 | D:1      | Reached XP level 1. HP: 13/13 MP: 4/4
   262 | D:2      | Reached XP level 2. HP: 15/19 MP: 2/5
   567 | D:4      | Noticed a wight
   568 | D:4      | Noticed a wight
   569 | D:4      | Noticed a wight
   705 | D:3      | Noticed a killer bee
   715 | D:3      | Noticed a killer bee
   715 | D:3      | Noticed a killer bee
   720 | D:3      | Slain by a killer bee

Vault maps used:
D:1:      minmay_arrival_nine_rooms, minmay_lizard_pond
D:2:      first_ration, uniq_jessica
D:3:      uniq_ijyb
D:4:      kennysheep_mini_moat, lemuel_round_altar, uniq_edmund,
          uniq_blork_the_orc

Skill      XL: |  1  2 |
---------------+-------+-----
Spellcasting   | 3 |  3.1
Ice Magic      | 3 |  3.1
Dodging        | |  1.5
Stealth        | |  1.5
Conjurations   | |  0.7

Action                   || total
-------------------------++-------
Melee: Unarmed           ||     1
 Cast: Freeze            ||    22
  Use: Scroll            ||     3
Armor: Robe              ||     4
Dodge: Dodged            ||    21

Table legend:
 A = Non-vault XP
 B = Vault XP
 C = Vault XP percentage of total XP
 D = Non-vault monster count
 E = Vault monster count
 F = Vault count percentage of total count
                 A         B        C        D         E       F
            +---------+---------+-------+---------+---------+-------
      Total |      34 |       0 |   0.0 |      12 |       0 |   0.0
            +---------+---------+-------+---------+---------+-------
        D:1 |      10 |       0 |   0.0 |       6 |       0 |   0.0
        D:2 |      21 |       0 |   0.0 |       4 |       0 |   0.0
        D:3 |       1 |       0 |   0.0 |       1 |       0 |   0.0
        D:4 |       2 |       0 |   0.0 |       1 |       0 |   0.0
            +---------+---------+-------+---------+---------+-------
